AoeStats
← oveou

Fortress

507275290Analyzed
2v2 RM · 16d ago on Sep 17, 2026· 46m 30s· 4 players
Game mode
Random Map
Map size
Normal (6 player)
Population
200
Speed
Normal
Resources
Standard
Victory
Conquest
Starting age
Dark Age
Ending age
Imperial Age
RankedLock teamsTeams togetherTeam positionsShared explorationLock speedFull tech treeHidden civsTurbo modeCheats
Victory
Defeat
🇨🇳 Spanish · China
1223
+13
1221
+14
1168
-14
🇧🇷 Japanese · Brazil
1166
-13
Eyaculador de Poemas
7:37 Feudal Age
9:01 Wheelbarrow
8:31 Double-Bit Axe
12:55 Castle Age
10:57 Horse Collar
12:00 Padded Archer Armor
11:52 Fletching
14:01 Bow Saw
13:49 Bodkin Arrow
17:19 Elite Skirmisher
19:19 Leather Archer Armor
27:53 Ballistics
27:14 Treadmill Crane
f.bdz
7:10 Feudal Age
7:40 Double-Bit Axe
7:37 Horse Collar
9:28 Wheelbarrow
13:08 Castle Age
11:24 Loom
14:04 Bow Saw
15:38 Forging
15:28 Scale Mail Armor
21:37 Chain Mail Armor
24:38 Hand Cart
24:09 Town Watch
24:57 Town Patrol
26:31 Heavy Plow
26:33 Arson
26:34 Gambesons
27:27 Iron Casting
27:49 Squires
31:14 Imperial Age
29:33 Fletching
29:44 Padded Archer Armor
30:38 Thumb Ring
30:59 Thumb Ring
30:57 Elite Skirmisher
31:43 Thumb Ring
36:47 Chemistry
46:07 Capped Ram
oveou
7:43 Feudal Age
8:23 Horse Collar
9:29 Loom
11:55 Castle Age
9:50 Double-Bit Axe
11:35 Gold Mining
13:09 Bow Saw
18:22 Wheelbarrow
19:00 Padded Archer Armor
23:03 Town Watch
23:52 Stone Mining
26:56 Leather Archer Armor
31:43 Imperial Age
29:30 Hand Cart
34:50 Stone Shaft Mining
35:22 Two-Man Saw
34:27 Heavy Plow
34:59 Ring Archer Armor
35:42 Sanctity
35:33 Fervor
36:56 Husbandry
37:06 Bloodlines
41:35 Ballistics
42:15 Chemistry
41:52 Conscription
42:29 Elite Conquistador
45:12 Fletching
46:29 Hoardings
46:09 Fortified Wall
46:11 Masonry
一个女人和七个正太
8:03 Feudal Age
8:58 Double-Bit Axe
11:43 Castle Age
10:54 Gold Mining
10:49 Horse Collar
12:13 Gambesons
14:09 Loom
18:19 Gold Shaft Mining
20:05 Ballistics
23:42 Bow Saw
24:03 Fletching
24:39 Heavy Plow
25:44 Bodkin Arrow
26:00 Scale Mail Armor
26:17 Squires
30:08 Wheelbarrow
29:54 Light Cavalry
32:48 Chain Mail Armor
38:55 Hand Cart
40:29 Stone Mining
41:45 Husbandry
41:53 Thumb Ring
44:23 Imperial Age
42:37 Forging
42:44 Stone Mining
43:31 Murder Holes
43:58 Treadmill Crane
44:38 Pikeman
46:35 Chemistry
Connection lost

Rejoining the realm…

Still unreachable

The connection could not be restored.

Session expired

The server has moved on; the page needs a fresh start.